 Dungeon Crawl Stone Soup version 0.29-a0-993-g4a18f31a58 (webtiles) character file.

Game seed: 8235429686565758888

12021 Newt the Cruncher (level 11, -20/66 HPs)
             Began as a Gargoyle Monk on Aug 2, 2022.
             Was an Initiate of Gozag.
             Demolished by an orc warlord
             ... wielding a +1 great mace of draining
              (39 damage)
             ... on level 1 of the Orcish Mines.
             The game lasted 00:29:43 (13719 turns).

Newt the Cruncher (Gargoyle Monk)                  Turns: 13719, Time: 00:29:45

Health: -20/66     AC: 30    Str: 20    XL:     11   Next: 86%
Magic:  19/19      EV:  8    Int: 17    God:    Gozag
Gold:   931        SH:  5    Dex: 24    Spells: 21/21 levels left

rFire   . . .      SeeInvis .   G - +6 shillelagh "Devastator" {shatter}
rCold   + . .      Faith    .   (no shield)
rNeg    + . .      Spirit   .   c - +3 plate armour of Mumblety Peg {Harm Str+2}
rPois   ∞          Reflect  +   g - +2 helmet
rElec   +          Harm     +   C - +0 cloak
rCorr   .          Rampage  .   (no gloves)
Will    .....                   (no boots)
Stlth   ..........              w - amulet of reflection
HPRegen 0.21/turn               o - ring "Ygalliy" {Contam rPois rC+ Str+3 Int+6}
MPRegen 0.16/turn               N - +6 ring of dexterity

@: invisible
A: sickness immunity, AC +8, negative energy resistance 1, electricity
resistance, torment resistance 1, petrification resistance, iridescent scales 1,
agile 1, sense surroundings 1
a: Renounce Religion, Potion Petition, Call Merchant, Bribe Branch


You were on level 1 of the Orcish Mines.
You worshipped Gozag.
Gozag was pleased with you.
You visited 3 branches of the dungeon, and saw 12 of its levels.
You also visited: Sewer and Bailey.

You collected 1923 gold pieces.
You spent 992 gold pieces at shops.

Inventory:

Hand Weapons
 a - a +0 mace
 e - a +0 flail
 t - a +5 broad axe
 A - a +5 quarterstaff of freezing
 B - a +0 hammer
 G - the +6 shillelagh "Devastator" (weapon) {shatter}
   (You bought it in a shop on level 1 of the Orcish Mines)

   It releases a powerful concussive burst when it strikes, dealing extra damage
   to the target and all other foes adjacent to them.
 P - a +0 giant club
Missiles
 F - 2 curare-tipped darts
 I - 2 throwing nets
 O - 6 poisoned darts (quivered)
Armour
 b - a +0 robe
 c - the +3 plate armour of Mumblety Peg (worn) {Harm Str+2}
   (You found it on level 3 of the Dungeon)

   Str:       It affects your strength (+2).
   Harm:      It increases damage dealt and taken.
 g - a +2 helmet (worn)
 k - a +0 leather armour
 m - a +0 scale mail
 s - an orb of guile
 v - +0 swamp dragon scales
 C - a +0 cloak (worn)
 M - a +2 plate armour of cold resistance
Jewellery
 o - the ring "Ygalliy" (left hand) {Contam rPois rC+ Str+3 Int+6}
   (You found it on level 2 of the Dungeon)

   [ring of intelligence]

   Str:       It affects your strength (+3).
   Int:       It affects your intelligence (+6).
   rC:        It protects you from cold.
   rPois:     It protects you from poison.
   Contam:    It causes magical contamination when unequipped.
 u - a ring of fire
 w - an amulet of reflection (around neck)
 L - a +4 ring of evasion
 N - a +6 ring of dexterity (right hand)
Wands
 f - a wand of roots (8)
 l - a wand of flame (32)
 Q - a wand of mindburst (1)
Scrolls
 n - 7 scrolls of magic mapping
 y - a scroll of amnesia
 D - 5 scrolls of teleportation
 H - a scroll of brand weapon
 J - 2 scrolls of fog
 R - a scroll of identify
Potions
 d - 5 potions of curing
 h - 4 potions of brilliance
 i - 2 potions of mutation
 j - 2 potions of degeneration
 p - a potion of invisibility
 r - 4 potions of resistance
 x - a potion of experience
 z - 2 potions of attraction {unknown}
 E - 2 potions of magic {unknown}
 K - 2 potions of heal wounds {unknown}
Miscellaneous
 q - a box of beasts


   Skills:
 + Level 6.9 Fighting
 * Level 5.1(8.7) Maces & Flails
 - Level 11.0(11.5) Staves
 + Level 0.2 Throwing
 + Level 7.1 Armour
 + Level 3.3 Dodging
 + Level 3.6 Stealth
 + Level 2.8 Shields
 + Level 0.7 Unarmed Combat
 * Level 5.6 Spellcasting
 * Level 6.5 Hexes
 * Level 3.5 Evocations


You had 21 spell levels left.
You didn't know any spells.
Your spell library contained the following spells:

 Spells                   Type           Power      Damage    Failure   Level
 Summon Guardian Golem    Hex/Summ       15%        N/A       92%         3
 Summon Small Mammal      Summ           16%        N/A       96%         1
 Call Canine Familiar     Summ           4%         N/A       100%        3


Dungeon Overview and Level Annotations

Branches:
Dungeon (9/15)             Temple (1/1) D:7             Orc (2/2) D:9
    Elf (0/3) Orc:2         Sewer (visited)          Bailey (visited)
   Lair: D:8-11

Altars:
Cheibriados
Dithmenos
Elyvilon
Fedhas
Gozag
Hepliaklqana
Kikubaaqudgha
Makhleb
Nemelex Xobeh
Okawaru
Qazlal
Ru
Sif Muna
Trog
Uskayaw
Vehumet
Wu Jian
Xom
Yredelemnul
Zin
The Shining One

Shops:
Orc:1 **


Innate Abilities, Weirdness & Mutations

You are immune to sickness and miasma.
Your stone body is resilient. (AC +8)
You are immune to poison.
You resist negative energy. (rN+)
You are resistant to electric shocks. (rElec)
You are resistant to unholy torment.
You are immune to petrification.
You are partially covered in iridescent scales. (AC +2)
You are agile. (Dex +4, Str/Int -1)
You passively map a small area around you.


Message History

You hit the orc.
You kill the orc!
You now have 920 gold pieces (gained 37).
Things that are here:
a +0 dagger; a +0 robe You now have 927 gold pieces (gained 7).
Things that are here:
a +0 hand axe; a +0 scale mail You start resting.
HP restored.
You now have 931 gold pieces (gained 4).
You see here a +0 whip.
There is a stone staircase leading down here.
You can't go up here!
You climb downwards.
The orc warlord roars a battlecry!
The orcs go into a battle-frenzy!
The orc knight roars a battlecry!
The orc warlord goes into a battle-frenzy!
There is a stone staircase leading up here.
You block the orc's attack.
The orc warlord hits you with a +1 great mace of draining!!
You climb upwards.
There is a stone staircase leading down here.
Unknown command.
You sock the orc warlord!
The orc warlord shudders.
The orc warlord is moderately wounded. x2
The orc hits you but does no damage. The orc warlord completely misses you.
You hit the orc warlord.
The orc warlord shudders.
The orc warlord is moderately wounded. x2
The orc hits you with a +0 war axe.
The orc warlord hits you with a +1 great mace of draining!
* * * LOW HITPOINT WARNING * * *
Unknown command.
You fade into invisibility!
The orc hits you but does no damage.
The orc warlord hits you with a +1 great mace of draining!!
Ouch! That really hurt!
You die...
Your body crumbles into a pile of gold.

#[))).........##...# ##≈≈≈≈≈≈#
##...#.............#####§≈≈≈##
##........#.........####≈≈##
##...................#####
##...........#...........#
#.............#..........## #
###............∩............###
##.............................#
##.........#....@................
#...##.........o)o............#.#
##.##........................#.##
#####.#........................#
###..................##.#.##
##....................######
##.......#.............#####.
#...###................#.##..
#.....##.##...............#..


You could see an orc warlord (strong, unable to see you) and an orc (strong,
unable to see you).

Vanquished Creatures
  An orc warlord (Bailey)
  The ghost of MisterAzrael the Cleaver, a journeyman HOFi of Jiyva (Orc:1)
  A two-headed ogre (D:9)
  Erica (D:8)
  An orc sorcerer (Orc:1)
  A cyclops (Orc:1)
  Psyche (D:8)
  Maggie (D:8)
  Grinder (D:4)
  2 hornets
  A wyvern (D:8)
  12 yaks
  A warg (Orc:1)
  16 orc warriors
  A sky beast (D:7)
  A black bear (D:6)
  2 ice beasts
  8 ogres
  2 centaurs (D:8)
  3 phantoms
  The ghost of MisterAzrael the Conjurer, an amateur DECj (D:6)
  A kobold brigand (D:7)
  A necrophage (D:6)
  2 bullfrogs
  3 scorpions
  3 wights
  10 killer bees
  A howler monkey (D:8)
  2 hounds
  A jelly (D:5)
  Crazy Yiuf (D:4)
  12 orc priests
  2 iguanas
  Jessica (D:2)
  Terence (D:3)
  Natasha (thrice) (D:4)
  12 orc wizards
  13 adders
  8 gnolls
  2 shadow imps (D:6)
  A white imp (D:5)
  An ufetubus (D:2)
  A worm (D:4)
  2 dart slugs
  60 orcs
  13 ball pythons
  4 bats
  14 endoplasms
  2 giant cockroaches
  25 goblins
  14 hobgoblins
  14 kobolds
  8 quokkas
  10 frilled lizards
  3 rats
310 creatures vanquished.

Vanquished Creatures (collateral kills)
  A gnoll (Bailey)
  3 orcs (Bailey)
4 creatures vanquished.

Vanquished Creatures (others)
  An orc (D:6)
  A kobold zombie (D:7)
  A plant (D:3)
3 creatures vanquished.

Grand Total: 317 creatures vanquished

Notes
Turn   | Place    | Note
-------+----------+-------------------------------------------
     0 | D:1      | Newt the Gargoyle Monk began the quest for the Orb.
     0 | D:1      | Reached XP level 1. HP: 14/14 MP: 1/1
   105 | D:1      | Reached XP level 2. HP: 18/19 MP: 2/2
   577 | D:1      | Reached XP level 3. HP: 21/24 MP: 3/3
  1027 | D:2      | Noticed Jessica
  1033 | D:2      | Killed Jessica
  1034 | D:2      | Reached XP level 4. HP: 24/29 MP: 4/4
  1435 | D:2      | Identified the ring "Ygalliy" {Contam rPois rC+ Str+3
                  | Int+6}
  1843 | D:2      | Found a faded altar of an unknown god.
  1932 | D:3      | Reached XP level 5. HP: 15/33 MP: 5/5
  2112 | D:3      | Identified the +3 plate armour of Mumblety Peg {Harm Str+2}
  2226 | D:3      | Noticed Terence
  2251 | D:3      | Killed Terence
  2252 | D:3      | Reached skill level 1 in Armour
  2601 | D:3      | Noticed an ice beast
  3291 | D:4      | Reached XP level 6. HP: 29/38 MP: 7/7
  3399 | D:4      | Reached skill level 1 in Spellcasting
  3530 | D:4      | Found a glowing drain.
  3543 | D:4      | Reached skill level 1 in Hexes
  3548 | Sewer    | Entered a sewer
  3976 | D:4      | Found a runed translucent door.
  3977 | D:4      | Noticed Crazy Yiuf
  3986 | D:4      | Killed Crazy Yiuf
  4267 | D:4      | Noticed Natasha
  4272 | D:4      | Killed Natasha
  4320 | D:4      | Noticed Natasha
  4323 | D:4      | Killed Natasha
  4739 | D:4      | Noticed Grinder
  4747 | D:4      | Killed Grinder
  4748 | D:4      | Reached skill level 1 in Staves
  4748 | D:4      | Reached XP level 7. HP: 29/44 MP: 7/9
  5136 | D:4      | Noticed Natasha
  5138 | D:4      | Killed Natasha
  5397 | D:5      | Entered Level 5 of the Dungeon
  5462 | D:5      | Reached skill level 2 in Staves
  5469 | D:5      | Reached skill level 5 in Fighting
  5482 | D:5      | Reached XP level 8. HP: 12/49 MP: 11/11
  5781 | D:5      | Reached skill level 3 in Staves
  5991 | D:5      | Reached skill level 4 in Staves
  6395 | D:6      | Found a large runed translucent door.
  6395 | D:6      | Found a large runed translucent door.
  6397 | D:6      | Noticed MisterAzrael's ghost (amateur DECj)
  6410 | D:6      | Killed MisterAzrael's ghost
  6558 | D:6      | Reached skill level 5 in Staves
  6574 | D:6      | Reached XP level 9. HP: 37/54 MP: 13/13
  6796 | D:6      | Reached skill level 6 in Staves
  7291 | D:6      | Reached skill level 5 in Armour
  7665 | D:7      | Identified the +1 ring mail of the Toothy God {rC++ Will-}
  8059 | D:7      | Found a flagged portal.
  8076 | Bailey   | Entered a bailey
  8164 | Bailey   | Reached skill level 7 in Staves
  8396 | Bailey   | Reached skill level 1 in Shields
  8635 | Bailey   | Reached skill level 8 in Staves
  8638 | Bailey   | Reached XP level 10. HP: 28/60 MP: 14/16
  8829 | Bailey   | Noticed an orc warlord
  8859 | Bailey   | Killed an orc warlord
  8860 | Bailey   | Reached skill level 5 in Hexes
  9164 | D:7      | Found a staircase to the Ecumenical Temple.
  9374 | Temple   | Entered the Ecumenical Temple
  9618 | Temple   | Became a worshipper of Gozag Ym Sagoz the Greedy
  9717 | D:7      | Reached skill level 9 in Staves
  9945 | D:8      | Noticed Erica
  9952 | D:8      | Killed Erica
  9953 | D:8      | Reached skill level 1 in Evocations
 10113 | D:8      | Noticed Maggie
 10115 | D:8      | Noticed Psyche
 10393 | D:8      | Killed Psyche
 11106 | D:8      | Reached XP level 11. HP: 60/64 MP: 18/18
 11120 | D:8      | Reached skill level 5 in Spellcasting
 11183 | D:8      | Killed Maggie
 11184 | D:8      | Reached skill level 10 in Staves
 11566 | D:9      | Found a staircase to the Orcish Mines.
 12386 | D:9      | Noticed a two-headed ogre
 12396 | D:9      | Killed a two-headed ogre
 12577 | D:9      | Gained mutation: You are partially covered in iridescent
                  | scales. (AC +2) [potion of mutation]
 12577 | D:9      | Gained mutation: You are agile. (Dex +4, Str/Int -1)
                  | [potion of mutation]
 12577 | D:9      | Gained mutation: You passively map a small area around you.
                  | [potion of mutation]
 12579 | Orc:1    | Entered Level 1 of the Orcish Mines
 12633 | Orc:1    | Found a runed translucent door.
 12634 | Orc:1    | Noticed MisterAzrael's ghost (journeyman HOFi)
 12683 | Orc:1    | Killed MisterAzrael's ghost
 12974 | Orc:1    | Noticed a cyclops
 13011 | Orc:1    | Killed a cyclops
 13012 | Orc:1    | Reached skill level 11 in Staves
 13072 | Orc:1    | Found Sazabba's Mayhem Merchandise.
 13080 | Orc:1    | Bought the +6 shillelagh "Devastator" {shatter} for 960
                  | gold pieces
 13080 | Orc:1    | Found the +6 shillelagh "Devastator" {shatter}
 13288 | Orc:1    | Found Boenk's Bounteous Boutique.
 13296 | Orc:1    | Bought a scroll of identify for 32 gold pieces
 13358 | Orc:2    | Entered Level 2 of the Orcish Mines
 13358 | Orc:2    | Noticed an orc warlord
 13359 | Orc:2    | Noticed an orc sorcerer
 13361 | Orc:2    | Found a staircase to the Elven Halls.
 13361 | Orc:2    | Noticed an orc knight
 13373 | Orc:1    | Reached skill level 5 in Maces & Flails
 13540 | Orc:1    | Killed an orc sorcerer
 13719 | Orc:1    | Demolished by an orc warlord

Illustrated notes

Levels and vault maps discovered:
D:1:      dpeg_arrival_rooms_b, layout_loops_ring
D:2:      layout_rooms, shapermc_ecumenical_altar_ellora, corexii_shack,
          chequers_serial_rivers_micro_a, uniq_jessica
D:3:      layout_basic, serial_bayou_pond_b, hangedman_decor_push, uniq_terence
D:4:      layout_basic, cheibrodos_sewer_entry_bend, nicolae_hexahallways,
          uniq_grinder, uniq_crazy_yiuf_cottage, uniq_natasha
D:5:      layout_rooms
D:6:      layout_basic, ebering_ghost_disaster_area, lemuel_another_geyser
D:7:      layout_basic, minmay_temple_entry_ruins, enter_bailey_3
D:8:      layout_layer_cave, uniq_psyche, uniq_maggie, uniq_erica
D:9:      layout_cave_pools, david_orc_3, corexii_hall_statues_u
Temple:   compressed_dpeg_triangle_lava_temple
Orc:1:    layout_caves, ebering_ghost_inner_flame, nicolae_alphabet_shops,
          nicolae_orc_bridge_out, minmay_shop_mayhem
Orc:2:    st_orc_rangers, layout_caves, basic_altar, uniq_rupert

Skill      XL: |  1  2  3  4  5  6  7  8  9 10 11 |
---------------+----------------------------------+-----
Fighting       | 4 5 6 |  6.9
Maces & Flails | 4 5 |  5.1
Stealth        | 3 |  3.6
Armour         | 1 3 4 5 6 7 |  7.1
Dodging        | 3 |  3.3
Spellcasting   | 1 2 3 4 5 |  5.6
Hexes          | 2 3 4 6 |  6.5
Staves         | 1 2 5 8 9 11 | 11.0
Shields        | 1 2 |  2.8
Evocations     | 1 3 |  3.5
Throwing       | |  0.2
Unarmed Combat | |  0.7

Action                   |  1- 3 |  4- 6 |  7- 9 | 10-12 || total
-------------------------+-------+-------+-------+-------++-------
Melee: Mace              |    74 |   184 |       |       ||   258
       Flail             |       |    87 |       |       ||    87
       Quarterstaff      |       |    18 |   313 |   293 ||   624
       Punch             |       |     1 |       |       ||     1
       Unarmed           |       |       |       |    11 ||    11
       Shillelagh        |       |       |       |    25 ||    25
Throw: Dart              |       |       |       |     6 ||     6
Evoke: Wand              |       |     7 |     1 |     3 ||    11
  Use: Scroll            |     4 |     7 |     9 |     9 ||    29
       Potion            |       |     4 |     4 |     9 ||    17
 Stab: Sleeping          |     4 |     1 |       |       ||     5
       Petrifying        |       |       |     1 |       ||     1
       Confused          |       |       |       |     1 ||     1
       Invisible         |       |       |       |     5 ||     5
       Distracted        |       |       |       |     4 ||     4
Armor: Robe              |    23 |       |       |       ||    23
       Scale mail        |       |   108 |       |       ||   108
       Leather armour    |       |    12 |       |       ||    12
       Plate armour      |       |   126 |   224 |   187 ||   537
       Skin              |       |       |       |     2 ||     2
Dodge: Dodged            |    52 |   248 |    86 |   113 ||   499
Block: Other             |       |       |    36 |    57 ||    93
       Reflection        |       |       |       |     3 ||     3

Table legend: (Time is in decaauts)
 A = Elapsed time spent in this place.
 B = Non-inter-level travel time spent in this place.
 C = Inter-level travel time spent in this place.
 D = Time resting spent in this place.
 E = Time spent auto-exploring this place.
 F = Levels seen in this place.
 G = Mean time per level.
                   A        B        C        D        E       F      G
               +--------+--------+--------+--------+--------+-----+--------+
         Total |  13807 |  13287 |    520 |   1788 |   9017 |  14 |  986.2 |
       Dungeon |  11178 |  10745 |    433 |   1388 |   7582 |   9 | 1242.0 |
        Temple |    263 |    210 |     53 |      0 |    106 |   1 |  263.0 |
  Orcish Mines |    893 |    859 |     34 |    209 |    429 |   2 |  446.5 |
         Sewer |    447 |    447 |      0 |      0 |    298 |   1 |  447.0 |
        Bailey |   1024 |   1024 |      0 |    191 |    601 |   1 | 1024.0 |
               +--------+--------+--------+--------+--------+-----+--------+

Top non-repeatable levels by time:
     D:4: 1768 daAuts
     D:8: 1682 daAuts
     D:9: 1321 daAuts
     D:6: 1236 daAuts
     D:2: 1233 daAuts
     D:3: 1169 daAuts
  Bailey: 1024 daAuts
     D:5: 1011 daAuts
     D:1: 955 daAuts
   Orc:1: 871 daAuts
     D:7: 799 daAuts
   Sewer: 447 daAuts
  Temple: 263 daAuts
   Orc:2: 22 daAuts
